 Dungeon Crawl Stone Soup version 0.23.2-1-ga50397a (webtiles) character file.

Game seed: 13648805319812472359

44 night the Ruffian (level 3, -1/28 HPs)
             Began as a Draconian Transmuter on Apr 29, 2019.
             Slain by Crazy Yiuf
             ... wielding a +3 quarterstaff of chaos
              (9 damage)
             ... on level 2 of the Dungeon.
             The game lasted 00:03:16 (1526 turns).

night the Ruffian (Draconian Transmuter)            Turns: 1526, Time: 00:03:17

Health: -1/28      AC:  5    Str: 12    XL:     3   Next: 41%
Magic:  6/6        EV: 12    Int: 14    God:
Gold:   47         SH:  0    Dex: 11    Spells: 4/7 levels left

rFire    . . .     SeeInvis .     - Unarmed
rCold    . . .     Gourm    .   (no shield)
rNeg     . . .     Faith    .   (armour unavailable)
rPois    .         Spirit   .   (helmet restricted)
rElec    .         Reflect  .   (no cloak)
rCorr    .         Harm     .   (no gloves)
MR       .....                  (boots currently unavailable)
Stlth    +.........             (no amulet)
HPRegen  0.09/turn              (no ring)
MPRegen  0.10/turn              (no ring)

@: lethally poisoned (-1 -> -5), appendage (expiring), lightly drained
A: unfitting armour, talons 3, cold-blooded, AC +5
a: End Transformation


You were on level 2 of the Dungeon.
You were not hungry.
You had grown temporary talons.
You visited 1 branch of the dungeon, and saw 2 of its levels.

You collected 47 gold pieces.

Inventory:

Missiles
 a - 7 arrows
 g - 34 stones (quivered)
Scrolls
 b - a scroll of identify {unknown}
 e - a scroll of amnesia {unknown}
 f - a scroll of fog {unknown}
 h - 2 scrolls of immolation {unknown}
 i - a scroll of remove curse {unknown}
Potions
 d - a potion of flight {unknown}
 j - 2 potions of brilliance {unknown}
Comestibles
 c - a ration


   Skills:
 - Level 1.1(0.6) Fighting
 - Level 1.7(1.2) Dodging
 + Level 3.5(3.0) Unarmed Combat
 + Level 2.6(2.0) Spellcasting
 + Level 2.7(2.2) Transmutations


You had 4 spell levels left.
You knew the following spells:

 Your Spells              Type           Power        Failure   Level  Hunger
a - Beastly Appendage     Tmut           #.....       10%         1    ##.....
b - Sticks to Snakes      Tmut           #.......     14%         2    ###....

Your spell library contained the following spells:

 Spells                   Type           Power        Failure   Level  Hunger
 Spider Form              Tmut/Pois      #.........   41%         3    ####...
 Ice Form                 Ice/Tmut       #.......     83%         4    #####..
 Blade Hands              Tmut           #.........   95%         5    ######.


Dungeon Overview and Level Annotations

Branches:
Dungeon (2/15)

Altars:

Annotations:
D:2 Crazy Yiuf


Innate Abilities, Weirdness & Mutations

Your plain brown scales are hard. (AC +5)
You cannot fit into any form of body armour.
You are cold-blooded and may be slowed by cold attacks.
You have claws for feet.


Message History

Crazy Yiuf hits you but does no damage.
You are poisoned.
You hit Crazy Yiuf.
Crazy Yiuf is moderately wounded.
You feel yourself speed up.
You feel sick.
Crazy Yiuf yells, "Whiteboard!
Island seventy spinner."
Crazy Yiuf barely misses you.
You hit Crazy Yiuf but do no damage.
Crazy Yiuf is moderately wounded.
Crazy Yiuf barely misses you.
You closely miss Crazy Yiuf.
Crazy Yiuf is moderately wounded.
You feel sick.
Crazy Yiuf cries, "You leg down broken song, no?"
Crazy Yiuf misses you.
You hit Crazy Yiuf. You claw Crazy Yiuf.
Crazy Yiuf is heavily wounded.
Crazy Yiuf hits you with a +3 quarterstaff of chaos!
You die...

#......#.♣♣ ♣♣#..)#
#.###.##......♣♣♣♣.'...#
#..............♣.g♣#...#
#####)####.#..♣.♣♣♣ ###
#.# ###♣♣♣♣♣ #.#####
#.#...### # ###
#g#.#g..##.# #.#
#.#..@...#.###.#
#.......[.......
###).....#.###.#
#.....##.# #.#
####.###.###.#######
#.##.............
#.##...........#.
#.........#.##.#.
#.........#.##.#.


You could see Crazy Yiuf.

Vanquished Creatures
  An adder (D:2)
  A dart slug (D:1)
  A giant cockroach (D:1)
  3 goblins (D:1)
  A hobgoblin (D:1)
  2 ball pythons (D:1)
  2 bats (D:1)
  A frilled lizard (D:1)
  5 kobolds
  A rat (D:1)
18 creatures vanquished.

Vanquished Creatures (collateral kills)
  Terence (D:2)
1 creature vanquished.

Grand Total: 19 creatures vanquished

Notes
Turn   | Place    | Note
-------+----------+-------------------------------------------
     0 | D:1      | night the Draconian Transmuter began the quest for the Orb.
     0 | D:1      | Reached XP level 1. HP: 16/16 MP: 3/3
   401 | D:1      | Reached XP level 2. HP: 15/23 MP: 5/5
   727 | D:1      | Learned a level 2 spell: Sticks to Snakes
   927 | D:2      | Noticed Terence
   943 | D:2      | Reached XP level 3. HP: 13/28 MP: 6/6
   948 | D:2      | Killed Terence
  1203 | D:2      | Found a runed translucent door.
  1204 | D:2      | Noticed Crazy Yiuf
  1526 | D:2      | Slain by Crazy Yiuf

Action                   || total
-------------------------++-------
Melee: Unarmed           ||    95
       Tailslap          ||     2
       Punch             ||     1
       Kick              ||     1
 Cast: Sticks to Snakes  ||     5
       Beastly Appendage ||     1
 Stab: Sleeping          ||     1
  Eat: Ration            ||     1
Armor: Skin              ||    21
Dodge: Dodged            ||    64
